Selects Airborne Battlegroup
Construct Weapon Support Center
Construct Medical Station
Selects Paratrooper Squad Paradrop
Paratrooper Squad Paradrop
M3 Armored Personnel Carrier
Paratrooper Squad Paradrop
Construct Medical Station
Selects Anti-tank Gun Team Paradrop
Anti-tank Gun Team Paradrop
Paratrooper Squad Paradrop
Selects Dual P-47 Rocket Strike
Anti-tank Gun Team Paradrop
M3 Armored Personnel Carrier